Map: Kairos Junction LE

Players

Lambo - Winner!

  • Race: Zerg Zerg
  • Spawn Location: 5:00

InZaNe

  • Race: Terran Terran
  • Spawn Location: 11:00

Event: 2019 WCS Spring

VOD

Have the link to the VOD?

Description

Time

  • Played on: May 17, 2019, 10:26 a.m.
  • Length: 14:20

All games in this series

Show
View Real Time Build Order
Export as new Build Order

Lambo Zerg - Winner!

Build Orders: Pool First 

Get SALT Encoding   

  12  0:01  Drone  
  13  0:12  Overlord  
  13  0:19  Drone  
  14  0:32  Drone x2  
  16  0:40  Spawning Pool  
  15  0:44  Drone  
  15  0:48  Drone  
  17  1:08  Hatchery  
  16  1:11  Drone  
  17  1:27  Zergling x4  
  17  1:28  Zergling x2  
  17  1:29  Queen  
  22  1:33  Extractor  
  22  1:39  Overlord  
  21  1:52  Drone  
  23  2:01  Drone  
  23  2:05  Queen  
  25  2:12  Drone  
  26  2:20  Drone  
  26  2:22  Drone  
  28  2:31  Drone  
  28  2:34  Drone  
  30  2:37  Drone  
  30  2:38  Drone x2  
  30  2:42  Hatchery  
  32  2:46  Overlord  
  32  2:53  Metabolic Boost  
  32  2:56  Drone  
  32  2:57  Drone  
  34  3:01  Drone  
  35  3:06  Drone x2  
  35  3:11  Queen  
  39  3:15  Overlord  
  39  3:17  Drone  
  40  3:22  Drone  
  40  3:25  Drone x2  
  43  3:33  Queen  
  43  3:34  Drone x2  
  47  3:47  Zergling x6  
  50  3:49  Queen  
  50  3:55  Queen, Zergling x2  
  53  3:57  Overlord  
  53  3:59  Drone x3  
  58  4:06  Overlord  
  58  4:16  Drone x4  
  62  4:18  Drone  
  62  4:20  Baneling Nest  
  62  4:23  Drone x2  
  64  4:25  Zergling x4  
  64  4:26  Overlord  
  64  4:27  Drone x2  
  68  4:34  Drone  
  68  4:37  Spore Crawler  
  68  4:38  Lair  
  68  4:41  Spore Crawler, Extractor  
  68  4:42  Extractor  
  68  4:43  Drone x2  
  67  4:46  Drone x2  
  67  4:48  Drone x3  
  67  4:51  Zergling x2  
  73  4:55  Drone  
  73  4:59  Drone x5  
  79  5:03  Overlord  
  79  5:08  Drone x2  
  79  5:10  Overlord  
  79  5:12  Drone  
  82  5:18  Overlord  
  82  5:19  Evolution Chamber  
  82  5:20  Evolution Chamber, Overlord  
  80  5:23  Overlord  
  80  5:25  Drone x4  
  84  5:32  Drone x3  
  84  5:34  Extractor  
  84  5:35  Extractor  
  84  5:39  Hatchery  
  84  5:40  Drone x2  
  83  5:42  Centrifical Hooks  
  83  5:43  Drone  
  83  5:47  Overlord  
  83  5:49  Baneling  
  84  5:51  Zergling x10  
  89  5:57  Zergling x8  
  89  5:58  Baneling x5  
  89  6:02  Overlord  
  89  6:04  Zergling x6  
  95  6:07  Overlord  
  96  6:11  Zergling x4  
  96  6:12  Baneling  
  96  6:17  Zerg Melee Weapons Level 1, Zerg Ground Armor Level 1  
  98  6:19  Zergling x4  
  98  6:20  Hydralisk Den, Zergling x2  
  98  6:24  Zergling x2  
  98  6:25  Zergling x2  
  102  6:26  Baneling x3  
  102  6:30  Zergling x10  
  106  6:36  Drone x4  
  106  6:38  Zergling x2  
  111  6:46  Zergling x4  
  113  6:50  Zergling x8  
  111  6:57  Zergling x6  
  108  7:01  Queen, Drone  
  108  7:06  Drone x7  
  108  7:07  Muscular Augments  
  118  7:10  Infestation Pit  
  118  7:11  Hydralisk x2  
  118  7:12  Extractor  
  118  7:14  Hydralisk  
  122  7:16  Baneling x3  
  122  7:19  Hydralisk  
  122  7:21  Baneling x2  
  124  7:23  Hydralisk x2  
  124  7:24  Zergling x2  
  124  7:29  Zergling x2  
  129  7:34  Zergling x12  
  130  7:41  Zergling x12  
  127  7:45  Zergling x6  
  127  7:52  Zergling x2  
  127  7:56  Hive  
  127  7:57  Zergling x6  
  127  8:07  Zergling x16  
  127  8:08  Baneling x4  
  127  8:10  Hatchery  
  134  8:13  Drone x2  
  134  8:14  Baneling  
  134  8:15  Overlord, Baneling  
  134  8:17  Extractor  
  134  8:18  Baneling x3  
  134  8:19  Zerg Ground Armor Level 2, Grooved Spines, Overseer  
  135  8:20  Zerg Missile Weapons Level 1  
  135  8:21  Overlord  
  135  8:23  Overlord  
  135  8:24  Overlord  
  135  8:26  Queen  
  135  8:29  Zergling x8  
  135  8:33  Hydralisk, Overlord  
  137  8:38  Drone x5  
  137  8:39  Overlord  
  142  8:45  Overlord  
  142  8:48  Hydralisk x3  
  138  8:50  Hydralisk  
  138  8:52  Drone  
  143  8:55  Hydralisk  
  143  8:59  Overlord  
  144  9:04  Zergling x12  
  144  9:08  Overlord  
  149  9:13  Ultralisk Cavern  
  149  9:16  Zergling x16  
  152  9:29  Viper x3  
  161  9:33  Baneling  
  161  9:34  Hydralisk x3, Baneling x7  
  167  9:39  Hatchery  
  167  9:42  Hydralisk x2  
  170  9:47  Drone x2  
  170  9:48  Drone  
  170  9:51  Zergling x12  
  170  9:52  Zergling x10  
  184  9:56  Zergling x2  
  184  9:58  Baneling x11  
  183  10:01  Zergling x6  
  183  10:04  Queen  
  184  10:10  Adrenal Glands  
  184  10:11  Zergling x8  
  188  10:16  Zergling x10  
  188  10:19  Zergling x2  
  188  10:20  Zergling x4  
  177  10:24  Chitinous Plating  
  177  10:31  Ultralisk  
  177  10:34  Zergling x10  
  186  10:36  Zergling x6  
  186  10:39  Zergling x8  
  186  10:42  Baneling x5  
  180  10:45  Zergling x4  
  176  10:53  Zergling x14  
  181  10:57  Ultralisk  
  181  11:02  Zerg Ground Armor Level 3  
  181  11:03  Zergling x2  
  180  11:05  Drone x3  
  180  11:07  Baneling x4  
  180  11:11  Zergling x8  
  187  11:15  Zerg Melee Weapons Level 2  
  183  11:19  Zergling x10  
  183  11:21  Baneling  
  183  11:23  Baneling  
  183  11:24  Baneling x5  
  183  11:25  Zergling x2  
  187  11:26  Zergling x8  
  187  11:29  Baneling, Zergling x4  
  192  11:33  Zergling x8  
  192  11:38  Zergling x4  
  196  11:40  Zergling x4  
  196  11:46  Viper x2  
  180  11:48  Zergling x18  
  180  11:52  Zergling x4  
  168  11:55  Zergling x2  
  168  12:00  Overseer  
  154  12:02  Ultralisk, Zergling x4  
  154  12:07  Zergling x2  
  154  12:08  Zergling x14  
  165  12:14  Ultralisk  
  161  12:15  Zergling x2  
  161  12:21  Anabolic Synthesis  
  161  12:23  Drone x2  
  161  12:26  Ultralisk  
  161  12:27  Baneling  
  169  12:41  Ultralisk, Hatchery  
  174  12:44  Zergling x18  
  174  12:46  Drone  
  174  12:47  Drone  
  185  12:57  Extractor, Zergling x22  
  195  13:04  Zergling x4  
  193  13:12  Zergling x20  
  198  13:14  Baneling x4  
  198  13:16  Baneling x5  
  197  13:20  Zergling x2  
  197  13:25  Hydralisk x2, Baneling x7  
  197  13:30  Zergling x2  
  197  13:44  Zergling x18  
  197  13:47  Zergling x16  
  185  13:59  Zergling x6  
  186  14:03  Zergling x2  
Show
View Real Time Build Order
Export as new Build Order

InZaNe Terran 

Build Orders: Hellion Opening, Reaper Expand 

Get SALT Encoding   

  12  0:00  SCV  
  13  0:12  SCV  
  14  0:17  Supply Depot  
  14  0:25  SCV  
  15  0:38  SCV  
  15  0:40  Barracks  
  16  0:43  Refinery  
  16  0:50  SCV  
  17  1:03  SCV  
  18  1:15  SCV  
  19  1:27  Reaper  
  19  1:28  Orbital Command  
  20  1:40  Command Center  
  20  1:50  Supply Depot  
  20  1:54  SCV  
  21  1:59  Marine  
  22  2:06  SCV  
  23  2:09  Factory  
  23  2:18  SCV  
  23  2:20  Barracks Reactor  
  24  2:30  SCV  
  25  2:41  Command Center  
  25  2:43  SCV  
  26  2:54  Orbital Command  
  26  2:55  SCV  
  27  3:02  Hellion, Barracks Tech Lab  
  27  3:04  Hellion  
  31  3:08  SCV  
  32  3:20  SCV x2  
  32  3:22  Stimpack  
  32  3:24  Hellion  
  32  3:26  Hellion, Marine  
  39  3:32  SCV x2  
  41  3:44  SCV x2  
  41  3:45  Starport  
  43  3:50  Hellion  
  43  3:53  Hellion, Refinery  
  47  3:55  Orbital Command  
  47  3:56  SCV x2  
  49  4:06  Marine  
  49  4:08  SCV x2  
  52  4:20  SCV x2  
  52  4:21  Barracks, Refinery  
  52  4:22  Barracks  
  52  4:23  Factory Reactor  
  55  4:27  Starport Reactor  
  55  4:28  Supply Depot  
  55  4:32  SCV x2  
  55  4:33  Supply Depot, Marine  
  55  4:34  SCV  
  58  4:42  Engineering Bay  
  58  4:44  SCV x2, Engineering Bay  
  60  4:46  SCV  
  60  4:51  Marine  
  62  4:53  Refinery  
  62  4:56  SCV x2  
  62  4:59  SCV  
  65  5:08  SCV, Factory Reactor  
  65  5:09  SCV, Marine  
  65  5:10  Supply Depot  
  65  5:12  Marine x2  
  71  5:14  Terran Infantry Weapons Level 1, Terran Infantry Armor Level 1  
  71  5:20  Marine x2  
  71  5:21  SCV x2  
  74  5:22  Orbital Command  
  74  5:24  Combat Shield  
  74  5:27  Marine  
  75  5:30  Marine  
  75  5:31  Marine  
  75  5:32  Medivac  
  75  5:33  SCV x2  
  75  5:34  Medivac  
  83  5:38  Marine  
  83  5:39  Marine  
  83  5:43  Supply Depot  
  83  5:45  SCV, Marine  
  83  5:47  SCV  
  83  5:48  SCV  
  83  5:49  Marine x2  
  89  5:51  Widow Mine  
  89  5:52  Widow Mine  
  89  5:57  Supply Depot  
  93  6:03  Supply Depot  
  93  6:05  SCV x3, Marine x3  
  93  6:08  Marine x2  
  101  6:17  Barracks  
  101  6:18  SCV x2, Widow Mine, Barracks  
  105  6:19  Widow Mine  
  105  6:23  SCV  
  105  6:24  Armory  
  108  6:27  Refinery, Marine  
  108  6:30  SCV x2  
  110  6:33  Marine x3  
  110  6:34  Marine  
  110  6:35  Medivac  
  116  6:44  Supply Depot  
  116  6:45  Supply Depot, Marine  
  116  6:46  Supply Depot  
  117  6:47  Widow Mine x2  
  117  6:51  Marine x3  
  122  7:00  Medivac  
  115  7:02  SCV x3  
  115  7:07  Medivac  
  115  7:08  Barracks Reactor x2  
  121  7:10  Widow Mine  
  121  7:11  Widow Mine  
  121  7:12  Terran Infantry Weapons Level 2  
  121  7:14  SCV x2  
  125  7:19  Terran Infantry Armor Level 2  
  125  7:21  Marine x5  
  129  7:30  Medivac  
  129  7:35  Widow Mine x2  
  126  7:39  Marine x5  
  126  7:44  SCV x2  
  126  7:50  Command Center  
  125  7:53  Marine x3  
  125  7:54  Marine  
  125  7:55  Orbital Command  
  125  7:56  Orbital Command, Marine x2  
  125  7:57  Marauder, Orbital Command, Marine x2  
  134  8:04  Terran Vehicle Weapons Level 1  
  134  8:05  Factory  
  134  8:06  Supply Depot  
  134  8:07  Supply Depot, Refinery  
  134  8:09  Factory Tech Lab  
  134  8:11  Marine x3  
  137  8:19  Marauder  
  139  8:22  Marine  
  139  8:25  Marine x4  
  143  8:28  Marine  
  143  8:29  Marine x2  
  143  8:30  Medivac  
  143  8:31  Medivac  
  143  8:33  Siege Tank  
  150  8:38  SCV x2  
  150  8:40  Marauder, Marine  
  155  8:42  Marine  
  155  8:43  Marine  
  156  8:50  Factory Tech Lab  
  156  9:09  Supply Depot  
  152  9:10  Marine x5, Supply Depot  
  152  9:11  Marauder, Marine  
  152  9:12  Marine  
  156  9:20  Marine  
  156  9:21  Siege Tank, Supply Depot  
  156  9:22  Supply Depot  
  156  9:23  Siege Tank  
  158  9:25  Supply Depot  
  158  9:27  Medivac x2  
  158  9:28  Marine x2  
  158  9:31  Marine  
  165  9:32  Marauder  
  165  9:35  Marine x4  
  165  9:38  Marine  
  169  9:41  Sensor Tower  
  169  9:43  Supply Depot  
  169  9:44  Supply Depot  
  169  9:45  Supply Depot  
  169  9:46  Marine  
  169  9:47  Planetary Fortress  
  170  9:53  Siege Tank  
  170  9:55  Siege Tank  
  170  9:59  Terran Infantry Weapons Level 3  
  175  10:12  Marauder  
  177  10:14  Terran Vehicle Weapons Level 2  
  159  10:23  SCV x3  
  159  10:24  Barracks x2  
  159  10:25  Barracks  
  159  10:26  Siege Tank  
  163  10:32  Siege Tank, Marine x5  
  163  10:34  Marauder  
  163  10:35  SCV x3  
  176  10:39  Marine x3  
  176  10:40  Medivac x2  
  162  10:55  Marauder  
  162  10:56  Marine x3  
  162  10:57  Marine x2  
  163  10:58  Marine x3  
  167  11:07  Terran Infantry Armor Level 3  
  167  11:10  Siege Tank  
  170  11:13  Refinery  
  170  11:14  Marine x3  
  170  11:15  Refinery  
  170  11:16  Marauder  
  173  11:19  Barracks Tech Lab x3  
  173  11:25  Marine  
  173  11:26  Marine x4  
  173  11:32  Marine  
  179  11:35  Marine x2  
  179  11:36  Siege Tank  
  179  11:38  Marauder  
  186  11:43  Marine  
  186  11:44  Marine x2  
  186  11:45  Liberator  
  186  11:46  Liberator  
  153  11:49  Marauder, Marine x3  
  153  11:50  Marine  
  153  11:52  Marine  
  153  11:53  Marine  
  126  11:59  Marauder  
  111  12:01  Marine x3  
  111  12:07  Marine x3  
  111  12:08  Marauder  
  119  12:10  Marine x2  
  119  12:11  Marauder, Marine  
  119  12:14  Siege Tank  
  121  12:19  Marine x3  
  121  12:20  Siege Tank  
  121  12:21  Marauder  
  126  12:29  Marauder, SCV  
  130  12:30  SCV x2  
  130  12:32  Marauder, Starport  
  130  12:35  Marine x5  
  138  12:42  Marauder, Marine x4  
  144  12:48  Missile Turret x2  
  144  12:49  Medivac x2  
  144  12:50  Marauder  
  144  12:51  Concussive Shells  
  150  12:54  Marauder  
  150  12:56  Siege Tank x2  
  158  13:05  Marauder x2  
  159  13:06  Marine x4  
  159  13:08  Liberator x2  
  159  13:12  Marauder  
  161  13:13  Starport Reactor  
  161  13:15  Marauder  
  161  13:16  Marine x2  
  165  13:22  Command Center  
  165  13:26  Marauder  
  165  13:27  Marauder  
  175  13:33  Marauder  
  175  13:34  Siege Tank x2  
  175  13:36  Marauder  
  175  13:39  Ghost Academy  
  183  13:48  Marauder  
  156  13:51  Marauder, Marine x8  
  156  13:55  Marauder  
  135  13:58  Marauder  
Tags
 
Add a new tag
Caveats
  • Supply blocks, unpowered buildings, or Contaminate may cause inaccurate times.
  • Supply counts are checked every 10 seconds.